 Dungeon Crawl Stone Soup version bcrawl-1.18 (webtiles) character file.

Game seed: 8160953822789170658

135 Morbidden the Grave Robber (level 5, -2/29 HPs)
             Began as an Avariel Necromancer on Oct 31, 2019.
             Killed from afar by an orc wizard (3 damage)
             ... with a puff of flame
             ... on level 3 of the Dungeon.
             The game lasted 00:04:36 (3298 turns).

Morbidden the Grave Robber (Avariel Necromancer)    Turns: 3298, Time: 00:04:37

Health: -2/29      AC:  3    Str:  7    XL:     5   Next: 18%
Magic:  7/22       EV: 12    Int: 21    God:
Gold:   109        SH:  0    Dex: 13    Spells: 11/12 levels left

rFire    . . .     SeeInvis .   a - +0 dagger (speed)
rCold    . . .     Gourm    .   (no shield)
rNeg     . . .     Faith    .   h - +0 leather armour
rPois    .         Spirit   .   (no helmet)
rElec    .         Reflect  .   (no cloak)
rCorr    .         Harm     .   (no gloves)
MR       .....                  (no boots)
Stlth    ++........             j - amulet of inaccuracy (curse)
HPRegen  0.09/turn              c - ring of magical power
MPRegen  0.18/turn              (no ring)

@: no status effects
A: no striking features
a: no special abilities


You were on level 3 of the Dungeon.
You were not hungry.

You visited 1 branch of the dungeon, and saw 3 of its levels.

You collected 109 gold pieces.

Inventory:

Hand Weapons
 a - a +0 dagger of speed (weapon)
Armour
 h - a +0 leather armour (worn)
Jewellery
 c - a ring of magical power (left hand)
 j - a cursed amulet of inaccuracy (around neck)
Scrolls
 f - a scroll of teleportation
 i - a scroll of immolation
Potions
 e - a potion of lignification {unknown}
 g - a potion of brilliance {unknown}
 k - a potion of degeneration {unknown}
 l - a potion of curing {unknown}
 m - a potion of invisibility {unknown}
Comestibles
 b - 2 chunks of flesh
 d - 3 rations {!d}


   Skills:
 * Level 1.5 Fighting
 * Level 0.1 Short Blades
 * Level 0.4 Armour
 + Level 2.1 Dodging
 - Level 2.2 Stealth
 * Level 4.1 Spellcasting
 * Level 5.7 Necromancy


You had 11 spell levels left.
You knew the following spells:

 Your Spells              Type           Power        Failure   Level  Hunger
a - Pain                  Necr           ####..       1%          1    None

Your spell library contained the following spells:

 Spells                   Type           Power        Failure   Level  Hunger
 Animate Skeleton         Necr           N/A          1%          1    None
 Vampiric Draining        Necr           ####......   4%          3    ###....
 Regeneration             Chrm/Necr      ###.......   16%         3    ###....
 Animate Dead             Necr           N/A          16%         4    ####...
 Bolt of Draining         Conj/Necr      ###.......   83%         5    ######.


Dungeon Overview and Level Annotations

Branches:
Dungeon (3/12)

Altars:
Trog


Message History

Something hits you but does no damage.
Casting: Pain (safe; 1% risk of failure)
Confirm with . or Enter, or press ? or * to list all spells.
Aiming: Pain (safe; 1% risk of failure)
Press: ? - help, Shift-Dir - straight line, f/p - dart slug
Aim: a dart slug (heavily wounded, chance to defeat MR: 95%)
The dart slug writhes in agony!
You kill the dart slug!
Something barely misses you.
Casting: Pain (safe; 1% risk of failure)
Confirm with . or Enter, or press ? or * to list all spells.
Aiming: Pain (safe; 1% risk of failure)
Press: ? - help, Shift-Dir - straight line, f - worm
Aim: a worm (chance to defeat MR: 91%)
The worm writhes in agony.
Something hits you.
* * * LOW HITPOINT WARNING * * *
You hear some strange, mumbled words.
A puff of flame appears from out of thin air!
The puff of flame hits you!
You die...

.####........#....###
.####........#.(..'.
.'................#
.#######'####.....#
.# #.# #.....# . ##
#.####.....# ..
#..........# ...
#####......## ....
#........@{.# .....
.....####...w.#......
.... #.....)......
... #.....)#'###. ..
#......# # . #......#
######.# .# (#


You could see a worm.

Vanquished Creatures
  Jessica (D:2)
  2 adders (D:3)
  4 oozes
  A worm (D:1)
  2 dart slugs
  A leopard gecko (D:1)
  3 orcs
  2 ball pythons (D:2)
  5 giant cockroaches
  7 goblins
  8 hobgoblins
  A jackal (D:1)
  13 kobolds
  A quokka (D:2)
  2 bats
  5 frilled lizards
  8 rats
66 creatures vanquished.

Notes
Turn   | Place    | Note
-------+----------+-------------------------------------------
     0 | D:1      | Morbidden the Avariel Necromancer began the quest for the
                  | Orb.
     0 | D:1      | Reached XP level 1. HP: 10/10 MP: 6/6
   177 | D:1      | Reached XP level 2. HP: 10/15 MP: 4/7
   710 | D:1      | Reached skill level 5 in Necromancy
   910 | D:1      | Reached XP level 3. HP: 11/20 MP: 0/9
  1528 | D:1      | Reached skill level 1 in Fighting
  2207 | D:2      | Reached XP level 4. HP: 20/25 MP: 10/10
  2782 | D:2      | Noticed Jessica
  2785 | D:2      | Killed Jessica
  2950 | D:3      | Found a bloodstained altar of Trog.
  3156 | D:3      | Reached XP level 5. HP: 20/29 MP: 12/12
  3298 | D:3      | HP: 1/29 [something (2)]
  3298 | D:3      | Killed from afar by an orc wizard

Skill      XL: |  1  2  3  4  5 |
---------------+----------------+-----
Necromancy     | 5 |  5.7
Spellcasting   | 3 4 |  4.1
Fighting       | 1 |  1.5
Short Blades   | |  0.1
Armour         | |  0.4
Dodging        | |  2.1
Stealth        | |  2.2

Action                   |  1- 3 |  4- 6 || total
-------------------------+-------+-------++-------
Melee: Dagger            |     1 |       ||     1
 Cast: Pain              |    74 |    51 ||   125
  Use: Scroll            |     4 |       ||     4
  Eat: Chunk             |     3 |     4 ||     7
Armor: Robe              |     2 |       ||     2
       Leather armour    |       |     4 ||     4
Dodge: Dodged            |     8 |    17 ||    25
